 Dungeon Crawl Stone Soup version 0.31-a0-819-gf6de2f5ab6 (webtiles) character file.

Game seed: 5862357052246255073

145 Kurtz the Chopper (level 5, 0/36 HPs)
             Began as an Octopode Fighter on Sept 25, 2023.
             Slain by a black bear (8 damage)
             ... on level 3 of the Dungeon.
             The game lasted 00:01:15 (1844 turns).

Kurtz the Chopper (Octopode Fighter)                Turns: 1844, Time: 00:01:16

Health: 0/36       AC:  1    Str: 15    XL:     5   Next: 27%
Magic:  5/5        EV: 13    Int: 11    God:
Gold:   184        SH:  4    Dex: 13    Spells: 4/4 levels left

rFire   . . .        a - +0 war axe
rCold   . . .        b - +0 buckler
rNeg    . . .        (helmet restricted)
rPois   .            (no amulet)
rElec   .            (no ring)
rCorr   .            (no ring)
SInv    .            (no ring)
Will    .....        (no ring)
Stlth   ++           (no ring)
HPRegen 0.26/turn    (no ring)
MPRegen 0.09/turn    (no ring)
                     (no ring)

%: no passive effects
@: lethally poisoned (0 -> -2)
A: almost no armour, amphibious, 8 rings, camouflage 1, gelatinous body 1,
(nimble swimmer 1), tentacles
a: no special abilities


You were on level 3 of the Dungeon.
You visited 1 branch of the dungeon, and saw 3 of its levels.

You collected 184 gold pieces.

Inventory:

Hand Weapons
 a - a +0 war axe (weapon)
Armour
 b - a +0 buckler (worn)
Jewellery
 g - a ring of magical power
Wands
 c - a wand of iceblast (3)
Scrolls
 e - 2 scrolls of teleportation {unknown}
 h - a scroll of silence {unknown}
 i - a scroll of fog {unknown}
 j - a scroll of fear {unknown}
Potions
 f - a potion of resistance {unknown}
 k - a potion of brilliance {unknown}


   Skills:
 - Level 3.0 Fighting
 * Level 5.3 Axes
 - Level 3.0 Dodging
 - Level 3.0 Shields


You had 4 spell levels left.
You didn't know any spells.
Your spell library contained the following spells:

 Spells                   Type           Power      Damage    Failure   Level
 Apportation              Tloc           0%         N/A       43%         1
 Jinxbite                 Hex            0%         N/A       56%         2
 Alistair's Intoxication  Tmut/Pois      0%         N/A       100%        5


Dungeon Overview and Level Annotations

Branches:
Dungeon (3/15)

Altars:


Innate Abilities, Weirdness & Mutations

You cannot wear most types of armour.
You are amphibious.
You can wear up to eight rings at the same time.
Your skin changes colour to match your surroundings (Stealth+).
Your rubbery body absorbs attacks. (AC +1, EV +1)
((You are camouflaged when in or above water. (Stealth+)))
You have tentacles for arms and can constrict up to eight enemies at once.


Message History

You closely miss the hobgoblin. Your grab misses the hobgoblin.
You hit the endoplasm. The hobgoblin closely misses you.
The endoplasm barely misses you. The adder bites you.
You are poisoned.
The adder poisons you! The hobgoblin hits you. The endoplasm hits you.
Unknown command.
There are monsters nearby!
You hit the endoplasm but do no damage.
The endoplasm is almost dead.
You hit the hobgoblin. You barely miss the adder.
You feel sick. The adder bites you.
You are more poisoned.
The adder poisons you! You block the endoplasm's attack.
The hobgoblin closely misses you.
Unknown command.
You hit the endoplasm but do no damage.
The endoplasm is almost dead.
You closely miss the hobgoblin. You slash the black bear!
You feel sick. The endoplasm freezes you.
You are frozen.
The hobgoblin barely misses you.
There are monsters nearby!
You are too injured to fight recklessly!
Unknown command.
There are monsters nearby!
You are too injured to fight recklessly!
Unknown command.
You feel sick.
Unknown command.
You hit the black bear. Your grab misses the black bear.
Your squeeze misses the black bear.
The black bear is moderately wounded.
You feel sick. The black bear bites you.
* * * LOW HITPOINT WARNING * * *
The black bear closely misses you. You block the black bear's attack.
Unknown command.
You closely miss the black bear. You grab the black bear.
The black bear is moderately wounded.
You constrict the black bear, but do no damage.
You feel sick. The black bear bites you!
You die...

#.# #.# #.####........#
###.####.# #.##.....#'#..#
.........# #.#..#..##.##.##
###.###..###.#.##†.#†.)#..#
##.###........##.#######.#
#...[.......#.##.# #.##
#..#.######......# +..#
#...........#)..#########.#
##.##.########..@#g.....!#.#
...†...# #...#.hJ.....$#.#
##.##..# #.###.#......?#.#
#.##..# #.# #.#########.#
#.##..# #.# #..#.(..['..#
##.##..### #.# ##.#...†.#.##
...##....# #)####.#######.#
.#.###.#.# #.......#†.†#..#
.#.###.#.# #####.#.##.##.##


You could see a black bear and an endoplasm.

Vanquished Creatures
  Ijyb (D:3)
  Robin (D:2)
  2 adders (D:3)
  A worm (D:3)
  3 dart slugs
  2 bats
  3 endoplasms
  9 giant cockroaches
  8 hobgoblins
  4 jackals (D:1)
  5 quokkas
  5 ball pythons
  3 frilled lizards
  15 goblins
  8 kobolds
  4 rats
74 creatures vanquished.

Notes
Turn   | Place    | Note
-------+----------+-------------------------------------------
     0 | D:1      | Kurtz the Octopode Fighter began the quest for the Orb.
     0 | D:1      | Reached XP level 1. HP: 16/16 MP: 1/1
   105 | D:1      | Found a faded altar of an unknown god.
   112 | D:1      | Reached XP level 2. HP: 21/21 MP: 2/2
   368 | D:1      | Reached skill level 3 in Axes
   445 | D:1      | Reached XP level 3. HP: 25/26 MP: 3/3
   865 | D:2      | Reached skill level 4 in Axes
  1054 | D:2      | Reached XP level 4. HP: 27/31 MP: 4/4
  1242 | D:2      | Noticed Robin
  1272 | D:2      | Killed Robin
  1661 | D:3      | Reached skill level 5 in Axes
  1714 | D:3      | Noticed Ijyb
  1724 | D:3      | Killed Ijyb
  1725 | D:3      | Reached XP level 5. HP: 14/36 MP: 5/5
  1836 | D:3      | Noticed a black bear
  1844 | D:3      | Slain by a black bear

Illustrated notes

Levels and vault maps discovered:
D:1:      amcnicky_arrival_abandoned_market, layout_basic,
          hellmonk_ecumenical_altar_pennies_from_heaven,
          minmay_worlds_worst_comb
D:2:      layout_basic, serial_bayou, serial_bayou_shore_b,
          serial_bayou_lagoon_a, serial_bayou_pond_d, serial_bayou_pond_e,
          uniq_robin
D:3:      layout_loops_ring, minmay_divided_ellipse, uniq_ijyb

Skill      XL: |  1  2  3  4 |
---------------+-------------+-----
Axes           | 3 4 5 |  5.3
Fighting       | |  3.0
Dodging        | |  3.0
Shields        | |  3.0

Action                     |  1- 3 |  4- 6 || total
---------------------------+-------+-------++-------
  Melee: War axe           |    76 |    55 ||   131
         Constrict         |    22 |    13 ||    35
         Tentacles         |    13 |     6 ||    19
         Punch             |     1 |     2 ||     3
    Use: Potion            |       |     2 ||     2
   Stab: Sleeping          |     3 |     5 ||     8
 Armour: Skin              |    38 |    23 ||    61
  Dodge: Dodged            |    41 |    34 ||    75
  Block: Buckler           |    17 |    13 ||    30

Table legend: (Time is in decaauts)
 A = Elapsed time spent in this place.
 B = Non-inter-level travel time spent in this place.
 C = Inter-level travel time spent in this place.
 D = Time resting spent in this place.
 E = Time spent auto-exploring this place.
 F = Levels seen in this place.
 G = Mean time per level.
                   A        B        C        D        E       F      G
               +--------+--------+--------+--------+--------+-----+--------+
         Total |   1888 |   1841 |     47 |     80 |   1349 |   3 |  629.3 |
       Dungeon |   1888 |   1841 |     47 |     80 |   1349 |   3 |  629.3 |
               +--------+--------+--------+--------+--------+-----+--------+

Top non-repeatable levels by time:
     D:1: 769 daAuts
     D:2: 701 daAuts
     D:3: 417 daAuts
